Map: Year Zero LE

Players

ShoWTimE

  • Race: Protoss Protoss
  • League: Grandmaster
  • Spawn Location: 11:00

PtitDrogo - Winner!

  • Race: Protoss Protoss
  • League: Grandmaster
  • Spawn Location: 1:00

Event: 2019 WCS Winter Europe

VOD

Have the link to the VOD?

Description

Time

  • Played on: March 24, 2019, 10:54 a.m.
  • Length: 6:41

All games in this series

Show
View Real Time Build Order
Export as new Build Order

ShoWTimE Protoss 

Build Orders: Phoenix Opening, Mass Phoenix 

Get SALT Encoding   

  12  0:00  Probe  
  13  0:13  Probe  
  14  0:18  Pylon  
  14  0:24  Probe  
  15  0:32  Probe  
  15  0:38  Gateway  
  15  0:41  Probe  
  16  0:47  Assimilator  
  17  0:50  Probe  
  17  0:56  Assimilator  
  18  0:58  Probe  
  19  1:07  Probe  
  20  1:13  Gateway  
  20  1:17  Probe  
  21  1:26  Cybernetics Core  
  21  1:29  Probe  
  22  1:37  Pylon  
  22  1:42  Probe  
  23  1:55  Probe  
  24  2:03  Warp Gate, Adept x2  
  28  2:09  Pylon  
  28  2:27  Pylon  
  28  2:30  Stargate  
  28  2:34  Adept  
  30  2:38  Adept  
  31  2:57  Pylon  
  31  3:04  Adept  
  27  3:05  Phoenix  
  33  3:08  Adept  
  37  3:28  Phoenix  
  37  3:30  Pylon  
  39  3:53  Phoenix  
  41  3:58  Nexus  
  41  4:00  Probe  
  42  4:12  Probe, Pylon  
  43  4:20  Phoenix  
  43  4:23  Probe  
  46  4:31  Probe  
  47  4:39  Probe  
  47  4:45  Phoenix  
  50  4:51  Assimilator, Probe  
  51  4:57  Stargate  
  51  5:02  Phoenix  
  51  5:03  Probe  
  52  5:10  Probe  
  55  5:15  Probe  
  55  5:18  Probe  
  56  5:27  Probe x2  
  59  5:37  Phoenix  
  59  5:39  Probe x2  
  63  5:44  Phoenix  
  63  5:49  Pylon  
  65  5:52  Probe  
  65  5:54  Probe  
  67  6:04  Phoenix, Probe  
  67  6:07  Probe  
  71  6:14  Assimilator  
  71  6:16  Probe  
  74  6:19  Probe  
  73  6:28  Probe  
Show
View Real Time Build Order
Export as new Build Order

PtitDrogo Protoss - Winner!

Build Orders: Phoenix Opening 

Get SALT Encoding   

  12  0:00  Probe  
  13  0:12  Probe  
  14  0:18  Pylon  
  14  0:24  Probe  
  15  0:32  Probe  
  15  0:39  Gateway  
  15  0:40  Probe  
  16  0:46  Assimilator  
  17  0:51  Probe  
  17  0:55  Assimilator  
  18  0:59  Probe  
  19  1:07  Probe  
  20  1:15  Gateway  
  20  1:17  Probe  
  21  1:28  Cybernetics Core  
  21  1:29  Probe  
  22  1:34  Pylon  
  22  1:41  Probe  
  23  1:55  Probe  
  24  2:05  Stalker x2, Warp Gate  
  28  2:13  Pylon  
  28  2:16  Probe  
  28  2:21  Pylon  
  29  2:35  Adept x2  
  33  2:47  Stargate  
  33  2:59  Pylon  
  33  3:18  Shield Battery  
  32  3:22  Phoenix  
  32  3:27  Probe  
  32  3:28  Shield Battery  
  35  3:39  Nexus  
  35  3:40  Phoenix  
  37  4:00  Stalker  
  37  4:01  Pylon  
  39  4:05  Twilight Council  
  39  4:19  Phoenix, Probe  
  39  4:22  Adept  
  44  4:31  Probe  
  44  4:35  Phoenix  
  47  4:46  Dark Shrine  
  47  4:50  Probe  
  48  4:52  Probe, Pylon  
  49  5:00  Probe  
  49  5:02  Probe  
  51  5:09  Phoenix  
  51  5:10  Probe  
  51  5:11  Probe  
  54  5:19  Probe  
  55  5:23  Probe  
  55  5:25  Assimilator  
  57  5:29  Probe  
  57  5:32  Assimilator  
  57  5:35  Probe  
  59  5:41  Probe  
  60  5:44  Shield Battery  
  60  5:47  Probe  
  61  5:52  Gateway  
  61  5:53  Probe  
  62  5:58  Dark Templar x2  
  62  5:59  Phoenix  
  62  6:02  Probe  
  67  6:05  Probe  
  70  6:17  Shield Battery  
  70  6:18  Stargate  
Tags
 
Add a new tag
Caveats
  • Supply blocks, unpowered buildings, or Contaminate may cause inaccurate times.
  • Supply counts are checked every 10 seconds.